 Dungeon Crawl Stone Soup version 0.22-a0-609-gfedc9ff (webtiles) character file.

23 kae the Skirmisher (level 2, -6/27 HPs)
             Began as a Minotaur Fighter on July 10, 2018.
             Mangled by Sigmund
             ... wielding a +0 scythe
              (8 damage)
             ... on level 2 of the Dungeon.
             The game lasted 00:00:25 (837 turns).

kae the Skirmisher (Minotaur Fighter)                Turns: 837, Time: 00:00:26

Health: -6/27      AC:  7    Str: 20    XL:     2   Next: 75%
Magic:  1/1        EV:  7    Int:  5    God:
Gold:   7          SH:  9    Dex:  9    Spells: 1/1 levels left

rFire    . . .     SeeInvis .   a - +0 flail
rCold    . . .     Gourm    .   c - +0 shield
rNeg     . . .     Faith    .   b - +0 scale mail
rPois    .         Spirit   .   (helmet restricted)
rElec    .         Reflect  .   (no cloak)
rCorr    .         Harm     .   (no gloves)
MR       .....                  (no boots)
Stlth    ..........             (no amulet)
HPRegen  0.09/turn              (no ring)
MPRegen  0.07/turn              (no ring)

@: no status effects
A: retaliatory headbutt, horns 2
a: no special abilities


You were on level 2 of the Dungeon.
You were not hungry.

You visited 1 branch of the dungeon, and saw 2 of its levels.

You collected 7 gold pieces.

Inventory:

Hand Weapons
 a - a +0 flail (weapon)
Armour
 b - a +0 scale mail (worn)
 c - a +0 shield (worn)
Scrolls
 g - a scroll of noise {unknown}
 i - 2 scrolls of teleportation {unknown}
 k - a scroll of immolation {unknown}
 l - a scroll of enchant armour {unknown}
 n - a scroll of amnesia {unknown}
Potions
 d - a potion of might
 e - 2 potions of haste {unknown}
 h - a potion of mutation {unknown}
 j - a potion of lignification {unknown}
 m - a potion of invisibility {unknown}
 o - a potion of curing {unknown}
Comestibles
 f - 5 rations


   Skills:
 + Level 3.9 Fighting
 * Level 3.2 Maces & Flails
 + Level 3.9 Armour
 + Level 1.0 Dodging
 - Level 3.6 Shields


You had one spell level left.
You didn't know any spells.
Your spell library was empty.

Dungeon Overview and Level Annotations

Branches:
Dungeon (2/15)

Altars:

Annotations:
D:2 Sigmund


Innate Abilities, Weirdness & Mutations

You reflexively headbutt those who attack you in melee.
You have a pair of horns on your head.


Message History

You resist with significant effort.
You hit Sigmund but do no damage. Your headbutt misses Sigmund.
Sigmund is lightly wounded.
Sigmund hits you with a scythe!
You bump into the rock wall.
You bump into the rock wall.
You feel less confused. You block Sigmund's attack.
You closely miss Sigmund.
Sigmund is lightly wounded.
Sigmund hits you with a scythe!
* * * LOW HITPOINT WARNING * * *
You closely miss Sigmund. You headbutt Sigmund, but do no damage.
Sigmund is lightly wounded.
Sigmund hits you with a scythe.
* * * LOW HITPOINT WARNING * * *
Your shield and scale mail prevent you from hitting Sigmund.
Sigmund is lightly wounded.
Sigmund hits you with a scythe!
You die...

##. .#.#.......
...#.....###.##
#....#.## #...
##.....#.# ##..# ### #..
#....####...# .... #.#
###.......#.# ..... #.#
#............
......##.###............
.....r@@...(............
......######..........#.
..... #....†.....## ....
#..........# ...
#..........# ##
#..........#
#..........#
#............
############.


You could see Sigmund and a rat.

Vanquished Creatures
  4 bats (D:1)
  A giant cockroach (D:1)
  4 goblins (D:1)
  4 hobgoblins (D:1)
  5 kobolds
  4 rats
22 creatures vanquished.

Notes
Turn   | Place    | Note
-------+----------+-------------------------------------------
     0 | D:1      | kae the Minotaur Fighter began the quest for the Orb.
     0 | D:1      | Reached XP level 1. HP: 19/19 MP: 0/0
   108 | D:1      | Reached XP level 2. HP: 27/27 MP: 1/1
   594 | D:1      | Reached skill level 1 in Dodging
   825 | D:2      | Noticed Sigmund
   837 | D:2      | Mangled by Sigmund

Vault maps used:
D:1:      lordsloth_arrival_two_stooges
D:2:      uniq_sigmund

Skill      XL: |  1  2 |
---------------+-------+-----
Maces & Flails | 3 |  3.2
Dodging        | 1 |  1.0
Fighting       | |  3.9
Armour         | |  3.9
Shields        | |  3.6

Action                   || total
-------------------------++-------
Melee: Flail             ||    57
       Headbutt          ||     5
Armor: Scale mail        ||    21
Dodge: Dodged            ||    15
Block: Shield            ||    30

Table legend:
 A = Spawn XP
 B = Non-spawn XP
 C = Spawn XP percentage of total XP
 D = Spawn monster count
 E = Non-spawn monster count
 F = Spawn count percentage of total count
 G = Total turns spent on level
                    A         B        C        D         E        F      G
               +---------+---------+-------+---------+---------+-------+---------
         Total |       0 |      34 |   0.0 |       0 |      22 |   0.0 |   837
               +---------+---------+-------+---------+---------+-------+---------
           D:1 |       0 |      31 |   0.0 |       0 |      20 |   0.0 |   742
           D:2 |       0 |       3 |   0.0 |       0 |       2 |   0.0 |    95
               +---------+---------+-------+---------+---------+-------+---------
